 Dungeon Crawl Stone Soup version 0.31-a0-325-g067879e3d3 (webtiles) character file.

Game seed: 6119523518226393767

3502 Vomitron the Covert (level 10, -4/56 HPs)
             Began as an Octopode Conjurer on July 18, 2023.
             Was a Believer of Sif Muna.
             Slain by a warg (12 damage)
             ... on level 9 of the Dungeon.
             The game lasted 00:19:37 (10871 turns).

Vomitron the Covert (Octopode Conjurer)            Turns: 10871, Time: 00:19:37

Health: -4/56      AC:  2    Str: 12    XL:     10   Next: 7%
Magic:  7/19       EV: 18    Int: 26    God:    Sif Muna [**....]
Gold:   449        SH:  0    Dex: 10    Spells: 8/21 levels left

rFire   . . .        y - +1 long sword (vamp)
rCold   . . .        (no shield)
rNeg    . . .        s - +1 hat
rPois   .            (no amulet)
rElec   .            k - +5 ring of evasion
rCorr   .            D - +6 ring of strength
SInv    .            (no ring)
Will    .....        (no ring)
Stlth   +++++        (no ring)
HPRegen 0.29/turn    (no ring)
MPRegen 0.16/turn    (no ring)
                     (no ring)

%: no passive effects
@: very slightly contaminated
A: almost no armour, amphibious, 8 rings, camouflage 1, gelatinous body 1,
(nimble swimmer 1), tentacles
a: Renounce Religion, Channel Magic


You were on level 9 of the Dungeon.
You worshipped Sif Muna.
Sif Muna was pleased with you.
You visited 2 branches of the dungeon, and saw 10 of its levels.
You also visited: Sewer.

You collected 449 gold pieces.

Inventory:

Hand Weapons
 m - a +0 dagger
 y - a +1 vampiric long sword (weapon)
 A - a +1 short sword of draining
Missiles
 f - 2 throwing nets
 l - 13 poisoned darts
Armour
 s - a +1 hat (worn)
Magical Staves
 t - a staff of earth
Jewellery
 k - a +5 ring of evasion (left tentacle)
 D - a +6 ring of strength (right tentacle)
Scrolls
 b - 2 scrolls of amnesia {unknown}
 c - 3 scrolls of enchant armour
 d - 5 scrolls of teleportation
 g - 3 scrolls of fog
 i - 2 scrolls of torment
 j - 2 scrolls of fear
 p - a scroll of silence
 q - 2 scrolls of noise
 r - 3 scrolls of vulnerability
 u - 2 scrolls of enchant weapon
 C - 2 scrolls of identify
Potions
 a - a potion of magic
 e - 2 potions of resistance
 h - 3 potions of mutation {unknown}
 n - a potion of berserk rage
 o - 3 potions of curing
 v - 3 potions of haste
 w - a potion of heal wounds {unknown}
 x - a potion of enlightenment
 z - 2 potions of brilliance {unknown}
 B - 2 potions of ambrosia {unknown}
 E - a potion of cancellation {unknown}


   Skills:
 - Level 2.0 Dodging
 + Level 9.7 Stealth
 + Level 6.2 Spellcasting
 + Level 8.7 Conjurations
 - Level 4.0 Hexes
 - Level 4.0 Translocations
 + Level 4.4 Invocations


You had 8 spell levels left.
You knew the following spells:

 Your Spells              Type           Power      Damage    Failure   Level
a - Magic Dart            Conj           100%       1d8       1%          1
b - Searing Ray           Conj           100%       2d8       1%          2
c - Iskenderun's Mystic   Conj/Tloc      41%        2d9       4%          4
d - Blink                 Tloc           56%        N/A       1%          2
e - Fulminant Prism       Conj/Hex       20%        3d12      4%          4

Your spell library contained the following spells:

 Spells                   Type           Power      Damage    Failure   Level
 Slow                     Hex            100%       N/A       1%          1
 Lesser Beckoning         Tloc           56%        N/A       1%          2
 Momentum Strike          Conj/Tloc      82%        3d10      1%          2
 Dazzling Flash           Conj/Hex       82%        N/A       1%          3
 Confusing Touch          Hex            28%        N/A       4%          3
 Gell's Gravitas          Tloc           28%        N/A       4%          3
 Teleport Other           Tloc           28%        N/A       4%          3
 Cigotuvi's Dreadful Rot  Necr/Pois/Air  16%        N/A       11%         2
 Ignite Poison            Fire/Tmut/Pois 8%         N/A       21%         3
 Vampiric Draining        Necr           8%         2d6       21%         3
 Freezing Cloud           Conj/Ice/Air   11%        6-21      50%         5
 Silence                  Hex/Air        9%         N/A       63%         5
 Agony                    Necr           8%         N/A       88%         5
 Dispersal                Tloc           14%        N/A       90%         6


Dungeon Overview and Level Annotations

Branches:
Dungeon (9/15)             Temple (1/1) D:4            Lair (0/5) D:9
  Sewer (visited)
    Orc: D:9-12

Altars:
Ashenzari
Cheibriados
Fedhas
Gozag
Kikubaaqudgha
Nemelex Xobeh
Okawaru
Qazlal
Sif Muna
Trog
Uskayaw
Vehumet
Wu Jian
Yredelemnul
Zin
The Shining One

Shops:
D:2 *   D:7 !((([

Annotations:
D:5 1 runed translucent door, IdlyInterested's ghost, novice DsGl


Innate Abilities, Weirdness & Mutations

You cannot wear most types of armour.
You are amphibious.
You can wear up to eight rings at the same time.
Your skin changes colour to match your surroundings (Stealth+).
Your rubbery body absorbs attacks. (AC +1, EV +1)
((You are camouflaged when in or above water. (Stealth+)))
You have tentacles for arms and can constrict up to eight enemies at once.


Message History

Press: ? - help, Dir - move target, p - warg You miscast Fulminant Prism.
You are very lightly contaminated with residual magic.
You feel a strange surge of energy!
The orc wizard shouts!
The warg bites you!
The orc wizard gestures wildly while chanting.
The orc wizard flickers and vanishes!
Deactivating autopickup; reactivate with Ctrl-A.
Unknown command.
Casting: Fulminant Prism (dangerous; 4% risk of failure)
Confirm with . or Enter, or press ? or * to list all spells.
Aiming: Fulminant Prism (dangerous; 4% risk of failure)
Press: ? - help, Dir - move target You conjure a prism of explosive energy!
A fulminant prism comes into view.
The warg completely misses you. The warg bites you.
The warg bites something!
Your fulminant prism crackles loudly.
Your fulminant prism explodes!
The blast of energy engulfs the orc wizard!!
You kill the orc wizard!
Sif Muna accepts your kill. x2
You feel a bit more experienced.
You hear a howl!
You hear an angry buzzing noise. x2; You hear a shout!
Unknown command.
Casting: Fulminant Prism (dangerous; 4% risk of failure)
Confirm with . or Enter, or press ? or * to list all spells.
You erupt in a blast of force!
The mystic blast hits the warg!!
The warg is heavily wounded.
The warg is knocked back by the mystic blast.
The warg attacks as you move away! The warg misses you.
The orc wizard gestures wildly while chanting.
The orc wizard flickers and vanishes!
The warg attacks as you move away! The warg bites you! The warg bites you!
* * * LOW HITPOINT WARNING * * *
The warg attacks as you move away! The warg bites you!
* * * LOW HITPOINT WARNING * * *
The warg attacks as you move away! The warg bites you!
You die...

#..$..o ....
............ #.....h
#... ........... #...oo
#..# #........# #....{
#..# #........# #....
#..# #........#
#..)#####..# #........#
#....o.#..# #........##
######.h..####..<.......
###..h@............
#..............##
#..####........# #..#
#........# #..#
#........# #..#
#.......... #..#
#.......... #..#
#........#


You could see 2 wargs and an orc warrior.

Vanquished Creatures
  A troll (D:8)
  A vampire (D:6)
  A steam dragon (D:8)
  An unseen horror simulacrum (D:9)
  A water moccasin (Sewer)
  An ice beast (D:9)
  An ogre (D:5)
  A sky beast (D:6)
  A wolf (D:9)
  2 phantoms
  A centaur (D:8)
  A kobold brigand (D:7)
  2 bullfrogs
  5 scorpions
  10 wights
  5 killer bees (D:8)
  A howler monkey (D:4)
  3 hounds
  A jelly (D:4)
  2 orc priests
  2 gnoll boudas
  2 iguanas (D:5)
  Natasha (thrice) (D:3)
  5 orc wizards
  3 sleepcaps
  A killer bee simulacrum (D:9)
  Robin (D:4)
  8 gnolls
  8 adders
  3 ufetubi
  4 worms
  4 dart slugs
  16 orcs
  2 ball pythons
  6 endoplasms
  2 giant cockroaches
  14 goblins
  16 hobgoblins
  7 jackals
  3 quokkas
  7 bats
  13 frilled lizards
  15 kobolds
  5 rats
192 creatures vanquished.

Vanquished Creatures (others)
  9 fulminant prisms
9 creatures vanquished.

Grand Total: 201 creatures vanquished

Notes
Turn   | Place    | Note
-------+----------+-------------------------------------------
     0 | D:1      | Vomitron the Octopode Conjurer began the quest for the Orb.
     0 | D:1      | Reached XP level 1. HP: 11/11 MP: 3/3
   282 | D:1      | Reached skill level 3 in Stealth
   282 | D:1      | Reached XP level 2. HP: 17/17 MP: 3/5
  1244 | D:2      | Found Saedos's Assorted Antiques.
  1254 | D:2      | Reached XP level 3. HP: 21/21 MP: 4/6
  1257 | D:2      | Learned a level 2 spell: Searing Ray
  2158 | D:2      | Reached XP level 4. HP: 23/27 MP: 1/7
  2542 | D:3      | Learned a level 4 spell: Iskenderun's Mystic Blast
  2570 | D:3      | Noticed Natasha
  2613 | D:3      | Killed Natasha
  2614 | D:3      | Reached skill level 4 in Stealth
  2614 | D:3      | Reached skill level 5 in Conjurations
  2830 | D:3      | Noticed Natasha
  2836 | D:3      | Killed Natasha
  2837 | D:3      | Reached XP level 5. HP: 31/31 MP: 2/9
  3291 | D:3      | Noticed Natasha
  3296 | D:3      | Killed Natasha
  3297 | D:3      | Reached skill level 1 in Translocations
  3437 | D:4      | Learned a level 2 spell: Blink
  3665 | D:4      | Found a glowing drain.
  3724 | Sewer    | Entered a sewer
  3774 | Sewer    | Noticed a water moccasin
  3781 | Sewer    | Killed a water moccasin
  3782 | Sewer    | Reached skill level 5 in Stealth
  3782 | Sewer    | Reached XP level 6. HP: 25/36 MP: 0/10
  4355 | D:4      | Found a staircase to the Ecumenical Temple.
  4476 | Temple   | Entered the Ecumenical Temple
  4515 | Temple   | Became a worshipper of Sif Muna the Loreminder
  4817 | D:4      | Reached XP level 7. HP: 28/41 MP: 4/12
  5562 | D:4      | Noticed Robin
  5568 | D:4      | Killed Robin
  5714 | D:5      | Entered Level 5 of the Dungeon
  5722 | D:5      | Reached skill level 6 in Stealth
  5943 | D:4      | Learned a level 4 spell: Fulminant Prism
  6066 | D:5      | Reached * piety under Sif Muna
  6226 | D:5      | Reached XP level 8. HP: 46/46 MP: 8/14
  6393 | D:5      | Reached skill level 1 in Hexes
  6676 | D:5      | Found a runed translucent door.
  6680 | D:5      | Noticed IdlyInterested's ghost (novice DsGl)
  7052 | D:6      | Noticed a vampire
  7169 | D:6      | Killed a vampire
  7170 | D:6      | Reached skill level 7 in Stealth
  8304 | D:7      | Reached skill level 1 in Invocations
  8304 | D:7      | Reached XP level 9. HP: 51/51 MP: 10/16
  8308 | D:7      | Reached skill level 5 in Spellcasting
  8681 | D:7      | Found Xaliap's Armour Boutique.
  8735 | D:7      | Reached skill level 8 in Stealth
  8736 | D:7      | Reached ** piety under Sif Muna
  8806 | D:7      | Found Tiho's Antique Weapon Shoppe.
  8915 | D:7      | Found Woz Abim's Antique Weapon Shop.
  9077 | D:7      | Found Zisierch's Weapon Shop.
  9191 | D:7      | Found Waror's Distillery.
 10277 | D:8      | Found a sparkling altar of Nemelex Xobeh.
 10301 | D:8      | Reached skill level 9 in Stealth
 10682 | D:9      | Noticed a troll
 10695 | D:8      | Killed a troll
 10696 | D:8      | Reached XP level 10. HP: 24/56 MP: 0/19
 10857 | D:9      | Found a staircase to the Lair.
 10871 | D:9      | Slain by a warg

Illustrated notes

Levels and vault maps discovered:
D:1:      tarquinn_simple_flora_water_e, layout_basic, minmay_lizard_pond
D:2:      layout_loops_cross, serial_shops, nicolae_shop_rolling_square
D:3:      layout_basic, item_on_display_a, uniq_natasha
D:4:      layout_loops_corners, minmay_temple_entry_poolview,
          cheibrodos_sewer_entry_drain, nzn_random_ring, uniq_robin
D:5:      layout_layer_cave, ebering_ghost_reflecting_pool
D:6:      layout_cave_pools, minmay_liquid_box, patterned_corridor
D:7:      layout_loops_ring, serial_shops, shop, nicolae_shop_behind_doors,
          shop, nicolae_inconvenience_store, shop
D:8:      layout_loops_cross, nemelex_spade_bored_becter
D:9:      layout_small_grid, nicolae_overflow_crystal_walls,
          nicolae_ru_the_path_less_chosen, erik_lair_orcish_takeover,
          zombieorc2_lemuel, serial_ice, serial_ice_b, serial_ice_j,
          serial_ice_e, serial_ice_g
Temple:   regret_index_temple_generic_petals

Skill      XL: |  1  2  3  4  5  6  7  8  9 |
---------------+----------------------------+-----
Stealth        | 3 4 5 6 7 9 |  9.7
Conjurations   | 5 6 7 8 |  8.7
Translocations | 1 2 3 4 |  4.0
Spellcasting   | 3 4 6 |  6.2
Hexes          | 3 4 |  4.0
Invocations    | 1 4 |  4.4
Dodging        | |  2.0

Action                     |  1- 3 |  4- 6 |  7- 9 | 10-12 || total
---------------------------+-------+-------+-------+-------++-------
  Melee: Unarmed           |     7 |    11 |       |       ||    18
         Tentacles         |     2 |    17 |     3 |       ||    22
         Constrict         |     2 |     5 |     4 |       ||    11
         Dagger            |       |    27 |     1 |       ||    28
         Long sword        |       |       |    13 |       ||    13
  Throw: Dart              |     5 |       |       |       ||     5
   Cast: Magic Dart        |    74 |    84 |   209 |     2 ||   369
         Searing Ray       |     1 |     6 |    39 |       ||    46
         Iskenderun's Myst |       |       |     6 |     1 ||     7
         Fulminant Prism   |       |       |     8 |     1 ||     9
    Use: Scroll            |       |       |    17 |       ||    17
   Stab: Sleeping          |     1 |     5 |       |       ||     6
 Armour: Skin              |       |     1 |     3 |       ||     4
  Dodge: Dodged            |     5 |    34 |    68 |     2 ||   109

Table legend: (Time is in decaauts)
 A = Elapsed time spent in this place.
 B = Non-inter-level travel time spent in this place.
 C = Inter-level travel time spent in this place.
 D = Time resting spent in this place.
 E = Time spent auto-exploring this place.
 F = Levels seen in this place.
 G = Mean time per level.
                   A        B        C        D        E       F      G
               +--------+--------+--------+--------+--------+-----+--------+
         Total |  10887 |  10272 |    615 |   2008 |   6875 |  11 |  989.7 |
       Dungeon |  10600 |  10060 |    540 |   1938 |   6775 |   9 | 1177.8 |
        Temple |     76 |      1 |     75 |      0 |      0 |   1 |   76.0 |
         Sewer |    210 |    210 |      0 |     70 |    100 |   1 |  210.0 |
               +--------+--------+--------+--------+--------+-----+--------+

Top non-repeatable levels by time:
     D:4: 2176 daAuts
     D:8: 1515 daAuts
     D:5: 1280 daAuts
     D:1: 1236 daAuts
     D:7: 1225 daAuts
     D:2: 1084 daAuts
     D:3: 1048 daAuts
     D:6: 963 daAuts
   Sewer: 210 daAuts
  Temple: 76 daAuts
     D:9: 69 daAuts
